 Dungeon Crawl Stone Soup version 0.22-a0-407-gb098539 (webtiles) character file.

174 Ijustatesigmund the Sneak (level 5, 0/33 HPs)
             Began as an Octopode Artificer on May 9, 2018.
             Slain by a worm (7 damage)
             ... on level 3 of the Dungeon.
             The game lasted 00:06:16 (2917 turns).

Ijustatesigmund the Sneak (Octopode Artificer)      Turns: 2917, Time: 00:06:17

Health: 0/33       AC:  1    Str: 11    XL:     5   Next: 54%
Magic:  7/7        EV: 15    Int: 13    God:
Gold:   118        SH:  0    Dex: 14    Spells: 4/4 levels left

rFire    + . .     SeeInvis .   a - +0 hand axe
rCold    . . .     Gourm    .   (no shield)
rNeg     . . .     Faith    .   (helmet restricted)
rPois    .         Spirit   .   (no amulet)
rElec    .         Reflect  .   i - ring of protection from fire
rCorr    .         Harm     .   j - ring of wizardry
MR       .....                  (no ring)
Stlth    ++++......             (no ring)
HPRegen  0.11/turn              (no ring)
MPRegen  0.10/turn              (no ring)
                                (no ring)
                                (no ring)

@: lethally poisoned (0 -> -5)
A: almost no armour, stealthy swim, amphibious, 8 rings, constrict 8, camouflage
1, gelatinous body 1
a: no special abilities


You were on level 3 of the Dungeon.
You were hungry.

You visited 1 branch of the dungeon, and saw 3 of its levels.

You collected 118 gold pieces.

Inventory:

Hand Weapons
 a - a +0 hand axe (weapon)
Jewellery
 i - a ring of protection from fire (left tentacle)
 j - a ring of wizardry (right tentacle)
Wands
 b - a wand of flame (15)
 c - a wand of enslavement (14)
 d - a wand of random effects (6)
Scrolls
 m - a scroll of immolation
Potions
 e - a potion of resistance
 g - a potion of curing
 k - a potion of heal wounds
 n - 2 potions of lignification {unknown}
Comestibles
 f - 5 rations


   Skills:
 + Level 1.0 Fighting
   Level 1.0 Short Blades
 + Level 2.6 Axes
 - Level 3.6 Dodging
 - Level 4.4 Stealth
 - Level 3.2 Evocations


You had 4 spell levels left.
You didn't know any spells.

Dungeon Overview and Level Annotations

Branches:
Dungeon (3/15)

Altars:

Annotations:
D:3 Terence


Innate Abilities, Weirdness & Mutations

You cannot wear most types of armour.
You are very stealthy in the water. (Stealth+)
You are amphibious.
You can wear up to eight rings at the same time.
You can use your tentacles to constrict eight enemies at once.
Your skin changes colour to match your surroundings (Stealth+).
Your rubbery body absorbs attacks. (AC +1, EV +1)


Message History

The hobgoblin hits you with a club. The adder completely misses you.
You barely miss the hobgoblin. Your grab misses the hobgoblin.
The hobgoblin is almost dead.
You closely miss the adder. The adder completely misses you.
The hobgoblin misses you.
You hit the hobgoblin but do no damage. You grab the hobgoblin.
Your squeeze misses the hobgoblin.
The hobgoblin is almost dead.
You completely miss the adder.
You constrict the hobgoblin, but do no damage.
The adder bites you.
You are more poisoned.
The adder poisons you! The hobgoblin hits you with a club.
You slash the hobgoblin!
You kill the hobgoblin!
You hit the adder. You hit the worm.
You feel sick. The adder misses you. The adder bites you.
* * * LOW HITPOINT WARNING * * *
The worm bites you!
You die...

##........# #..........
#.)........ #..........
#.......... #..........
#.S......# ##.@......#
### ##..)w...... (.#
#........... #.######
###...........
#......####.............
######...)..##..........
#######.................
........####............
######### #.....#######


You could see a worm and an adder.

Vanquished Creatures
  Jessica (D:2)
  Natasha (D:2)
  5 adders
  3 worms
  3 dart slugs
  4 leopard geckos
  8 giant cockroaches
  9 goblins
  4 hobgoblins
  7 kobolds
  7 bats
  4 frilled lizards
  11 rats
67 creatures vanquished.

Notes
Turn   | Place    | Note
-------+----------+-------------------------------------------
     0 | D:1      | Ijustatesigmund the Octopode Artificer began the quest for the Orb.
     0 | D:1      | Reached XP level 1. HP: 13/13 MP: 3/3
    69 | D:1      | Reached skill level 2 in Stealth
    71 | D:1      | Reached XP level 2. HP: 10/18 MP: 4/4
   720 | D:1      | Reached skill level 1 in Axes
   764 | D:1      | Reached XP level 3. HP: 16/23 MP: 5/5
  1360 | D:2      | Reached skill level 3 in Stealth
  1558 | D:2      | Noticed Natasha
  1563 | D:2      | Reached XP level 4. HP: 20/28 MP: 6/6
  1716 | D:2      | Killed Natasha
  2081 | D:2      | Reached skill level 4 in Stealth
  2081 | D:2      | Reached XP level 5. HP: 33/33 MP: 7/7
  2259 | D:2      | Noticed Jessica
  2262 | D:2      | Killed Jessica
  2513 | D:3      | Noticed Terence
  2917 | D:3      | Slain by a worm

Vault maps used:
D:1:      mrwooster_arrival_statue_3, lemuel_another_geyser
D:2:      first_ration, uniq_natasha, uniq_jessica
D:3:      uniq_terence

Skill      XL: |  1  2  3  4 |
---------------+-------------+-----
Stealth        | 2 3 4 |  4.4
Axes           | 1 2 |  2.6
Dodging        | 3 |  3.6
Fighting       | |  1.0
Short Blades   | |  1.0
Evocations     | |  3.2

Action                   |  1- 3 |  4- 6 || total
-------------------------+-------+-------++-------
Melee: Hand axe          |    81 |    57 ||   138
       Constrict         |    22 |    16 ||    38
       Short sword       |     4 |       ||     4
       Tentacles         |    11 |     9 ||    20
Evoke: Wand              |     2 |     8 ||    10
  Use: Scroll            |     4 |     2 ||     6
       Potion            |       |     1 ||     1
 Stab: Sleeping          |    11 |     9 ||    20
       Paralysed         |     2 |       ||     2
  Eat: Chunk             |     2 |       ||     2
       Ration            |       |     1 ||     1
Armor: Skin              |     3 |     2 ||     5
Dodge: Dodged            |    49 |    37 ||    86

Table legend:
 A = Spawn XP
 B = Non-spawn XP
 C = Spawn XP percentage of total XP
 D = Spawn monster count
 E = Non-spawn monster count
 F = Spawn count percentage of total count
 G = Total turns spent on level
                    A         B        C        D         E        F      G
               +---------+---------+-------+---------+---------+-------+---------
         Total |       0 |     249 |   0.0 |       0 |      67 |   0.0 |  2917
               +---------+---------+-------+---------+---------+-------+---------
           D:1 |       0 |      44 |   0.0 |       0 |      26 |   0.0 |  1283
           D:2 |       0 |     163 |   0.0 |       0 |      25 |   0.0 |  1166
           D:3 |       0 |      42 |   0.0 |       0 |      16 |   0.0 |   468
               +---------+---------+-------+---------+---------+-------+---------
